 Dungeon Crawl Stone Soup version 0.29.1-12-g30fa7ad0bf (webtiles) character file.

Game seed: 7563009968414447172

310 LustLizard the Shooter (level 6, -2/30 HPs)
             Began as a Spriggan Hunter on Dec 26, 2022.
             Was an Initiate of Dithmenos.
             Slain by a bullfrog (6 damage)
             ... on level 4 of the Dungeon.
             The game lasted 00:08:29 (4644 turns).

LustLizard the Shooter (Spriggan Hunter)            Turns: 4644, Time: 00:08:29

Health: -2/30      AC:  2    Str:  7    XL:     6   Next: 17%
Magic:  7/7        EV: 15    Int: 11    God:    Dithmenos [......]
Gold:   233        SH:  0    Dex: 20    Spells: 5/5 levels left

rFire   . . .      SeeInvis +   a - +0 shortbow
rCold   . . .      Faith    .   (shield currently unavailable)
rNeg    . . .      Spirit   .   c - +0 robe
rPois   .          Reflect  .   (helmet restricted)
rElec   .          Harm     .   s - scarf {+Inv}
rCorr   .          Rampage  .   (gloves unavailable)
Will    +....                   (boots unavailable)
Stlth   +++.......              (no amulet)
HPRegen 0.10/turn               v - ring of flight
MPRegen 0.10/turn               (no ring)

@: flying, constricted, very quick
A: very small, no large weapons, unfitting armour, see invisible, speed 3
a: Renounce Religion, Evoke Invisibility


You were on level 4 of the Dungeon.
You worshipped Dithmenos.
Dithmenos was noncommittal.
You visited 1 branch of the dungeon, and saw 4 of its levels.
You also visited: Sewer.

You collected 233 gold pieces.

Inventory:

Hand Weapons
 a - a +0 shortbow (weapon)
Armour
 c - a +0 robe (worn)
 q - a +0 cloak
 s - a scarf of invisibility (worn)
Jewellery
 v - a ring of flight (left hand)
Wands
 t - a wand of paralysis (11)
Scrolls
 b - a scroll of immolation
 d - a scroll of brand weapon {unknown}
 g - 2 scrolls of identify
 i - a scroll of amnesia {unknown}
 r - a scroll of poison {unknown}
 u - a scroll of magic mapping {unknown}
 w - a scroll of fear {unknown}
Potions
 e - 4 potions of attraction
 f - a potion of ambrosia
 h - a potion of haste {unknown}
 j - a potion of berserk rage
 k - a potion of might {unknown}
 l - 4 potions of curing {unknown}
 m - a potion of degeneration {unknown}
 n - 2 potions of brilliance {unknown}
 o - a potion of lignification {unknown}
 p - 2 potions of mutation


   Skills:
 - Level 1.5 Fighting
 * Level 6.5 Ranged Weapons
 - Level 2.6 Dodging
 + Level 5.7 Stealth


You had 5 spell levels left.
You didn't know any spells.
Your spell library contained the following spells:

 Spells                   Type           Power      Damage    Failure   Level
 Summon Forest            Summ/Tloc      0%         N/A       100%        5
 Eringya's Noxious Bog    Tmut/Pois      0%         N/A       100%        6
 Summon Hydra             Summ           0%         N/A       100%        7


Dungeon Overview and Level Annotations

Branches:
Dungeon (4/15)              Sewer (visited)
 Temple: D:4-7

Altars:
Dithmenos
Zin

Shops:
D:1 *

Annotations:
D:3 Ijyb


Innate Abilities, Weirdness & Mutations

You are very small and have problems with some larger weapons.
You are too small for most types of armour.
You have supernaturally acute eyesight. (SInv)
You cover ground extremely quickly. (Speed+++)


Message History

The ball python barely misses you. The ball python constricts you.
* * * LOW HITPOINT WARNING * * *
The bullfrog misses you.
The ball python bites you but does no damage.
The ball python constricts you.
Fire: a) +0 shortbow
Press: ? - help, Q - select action, (/) - cycle Shift-Dir - straight line, f/p - ball python
Aim: a ball python (constricting you, 62% to hit)
You shoot an arrow.
The arrow hits the ball python but does no damage.
The bullfrog hits you but does no damage.
The ball python closely misses you. The ball python constricts you.
The bullfrog hits you but does no damage.
Fire: a) +0 shortbow
Press: ? - help, Q - select action, (/) - cycle Shift-Dir - straight line, f/p - ball python
Aim: a ball python (constricting you, 62% to hit)
You shoot an arrow.
The arrow closely misses the ball python.
The bullfrog hits you.
* * * LOW HITPOINT WARNING * * *
The ball python closely misses you. The ball python constricts you.
The bullfrog closely misses you.
Fire: a) +0 shortbow
Press: ? - help, Q - select action, (/) - cycle Shift-Dir - straight line, f/p - ball python
Aim: a ball python (constricting you, 62% to hit)
You shoot an arrow.
The arrow barely misses the ball python.
The ball python misses you. The ball python constricts you.
* * * LOW HITPOINT WARNING * * *
The bullfrog completely misses you. The ball python closely misses you.
The ball python constricts you.
* * * LOW HITPOINT WARNING * * *
Fire: a) +0 shortbow
Press: ? - help, Q - select action, (/) - cycle Shift-Dir - straight line, f/p - ball python
Aim: a ball python (constricting you, 62% to hit)
You shoot an arrow. The arrow hits the ball python.
The ball python is moderately wounded.
The bullfrog misses you. The ball python closely misses you.
The ball python constricts you. The bullfrog hits you.
You die...

#....# # .# #.....
#. . ##.#.. #. #.
########.#.. #.##.
....>.......
#......########†###.
..S# .....####.# ##
#F######......##
#@S...###......#
#####.....####.#
#..#### ..#
........# #.#
.......## ..
#####... #$# .... ..
..#.. ..###..


You could see a bullfrog and 2 ball pythons.

Vanquished Creatures
  Crazy Yiuf (D:2)
  Terence (D:3)
  An iguana (D:4)
  17 adders
  2 river rats (D:3)
  2 worms (D:3)
  A dart slug (D:2)
  2 orcs (D:3)
  3 bats
  4 endoplasms
  2 giant cockroaches
  2 goblins
  7 hobgoblins
  8 ball pythons
  A frilled lizard (D:2)
  7 kobolds
  9 rats
70 creatures vanquished.

Notes
Turn   | Place    | Note
-------+----------+-------------------------------------------
     0 | D:1      | LustLizard the Spriggan Hunter began the quest for the Orb.
     0 | D:1      | Reached XP level 1. HP: 10/10 MP: 2/2
   329 | D:1      | Found Ewuj's General Store.
   497 | D:1      | Reached XP level 2. HP: 14/14 MP: 3/3
   792 | D:2      | Found a faded altar of an unknown god.
  1141 | D:2      | Reached XP level 3. HP: 18/18 MP: 4/4
  1593 | D:2      | Reached skill level 5 in Ranged Weapons
  1663 | D:2      | Reached XP level 4. HP: 22/22 MP: 5/5
  2177 | D:2      | Found a runed translucent door.
  2178 | D:2      | Noticed Crazy Yiuf
  2398 | D:2      | Killed Crazy Yiuf
  2399 | D:2      | Reached XP level 5. HP: 25/25 MP: 6/6
  2685 | D:3      | Noticed Ijyb
  2932 | D:3      | Reached skill level 6 in Ranged Weapons
  2932 | D:3      | Reached skill level 5 in Stealth
  2950 | D:3      | Found a glowing drain.
  2957 | Sewer    | Entered a sewer
  3080 | Sewer    | Noticed Pargi
  3543 | D:3      | Found a shadowy altar of Dithmenos.
  3557 | D:3      | Became a worshipper of Dithmenos the Shadowed
  3717 | D:3      | Found a glowing silver altar of Zin.
  3799 | D:3      | Noticed Terence
  3809 | D:3      | Killed Terence
  3810 | D:3      | Reached XP level 6. HP: 23/30 MP: 7/7
  4644 | D:4      | Slain by a bullfrog

Illustrated notes

Levels and vault maps discovered:
D:1:      dpeg_arrival_line_fractal, layout_basic, serial_shops,
          nicolae_diamond_shop
D:2:      layout_rooms, ebering_ecumenical_altar_ruins,
          chequers_serial_rivers_small_b, minmay_snake_closets,
          uniq_crazy_yiuf_cottage
D:3:      layout_loops_corners, grunt_dithmenos_smoke_and_mirrors,
          mainiacjoe_overflow_catwalk, lightli_sewer_entry_pipes, uniq_terence,
          uniq_ijyb
D:4:      layout_rooms, lemuel_doored_altar, chequers_serial_rivers_micro_d,
          uniq_natasha

Skill      XL: |  1  2  3  4  5 |
---------------+----------------+-----
Stealth        | 2 3 4 5 |  5.7
Ranged Weapons | 5 6 |  6.5
Fighting       | |  1.5
Dodging        | |  2.6

Action                   |  1- 3 |  4- 6 || total
-------------------------+-------+-------++-------
 Fire: Shortbow          |    96 |   140 ||   236
  Use: Scroll            |       |     3 ||     3
Armor: Robe              |     2 |     7 ||     9
Dodge: Dodged            |    46 |    67 ||   113
